 Dungeon Crawl Stone Soup version 0.30-a0-778-g2ef04afb54 (webtiles) character file.

Game seed: 5822665027801427405

865 Pimp the Slasher (level 8, -1/56 HPs)
             Began as a Djinni Gladiator on Feb 16, 2023.
             Slain by a black bear (6 damage)
             ... on level 6 of the Dungeon.
             The game lasted 00:07:46 (3165 turns).

Pimp the Slasher (Djinni Gladiator)                 Turns: 3165, Time: 00:07:47

Health: -1/56      AC:  6    Str: 13    XL:     8   Next: 23%
Gold:   146        EV: 14    Int: 10    God:
                   SH:  0    Dex: 17

rFire   + + .      SeeInvis .    a - +0 long sword
rCold   x . .      Faith    .    (no shield)
rNeg    . . .      Spirit   .    b - +0 leather armour
rPois   ∞          Reflect  .    c - +0 helmet
rElec   .          Harm     .    (no cloak)
rCorr   .          Rampage  .    j - +1 pair of gloves
Will    .....                    (boots unavailable)
Stlth   ++                       (no amulet)
HPRegen 0.29/turn                (no ring)
MPRegen 0.00/turn                (no ring)

@: flying
A: sickness immunity, fire resistance 2, cold vulnerability 1, float, innate
caster, HP casting, extra vitality 1
a: no special abilities


You were on level 6 of the Dungeon.
You visited 1 branch of the dungeon, and saw 5 of its levels.

You collected 146 gold pieces.

Inventory:

Hand Weapons
 a - a +0 long sword (weapon)
Missiles
 d - 4 throwing nets (quivered)
 e - 3 javelins
Armour
 b - a +0 leather armour (worn)
 c - a +0 helmet (worn)
 j - a +1 pair of gloves (worn)
Jewellery
 t - a ring of fire
Wands
 u - a wand of acid (8)
Scrolls
 f - 3 scrolls of poison {unknown}
 g - 2 scrolls of immolation {unknown}
 i - a scroll of enchant armour {unknown}
 k - 3 scrolls of teleportation {unknown}
 m - a scroll of amnesia {unknown}
 n - 5 scrolls of identify {unknown}
 o - a scroll of blinking {unknown}
 q - a scroll of brand weapon {unknown}
 r - 2 scrolls of noise {unknown}
 w - a scroll of fog {unknown}
Potions
 h - a potion of lignification {unknown}
 l - 4 potions of mutation {unknown}
 p - a potion of haste {unknown}
 s - a potion of ambrosia {unknown}
 v - a potion of curing {unknown}
 x - a potion of flight {unknown}


   Skills:
 + Level 3.5 Fighting
 + Level 5.8 Long Blades
 + Level 1.7 Throwing
 + Level 2.9 Armour
 + Level 5.1 Dodging
 + Level 1.0 Stealth
 * Level 1.9 Spellcasting


You had 4 spell levels left.
You knew the following spells:

 Your Spells              Type           Power      Damage    Failure   Level
a - Sandblast             Erth           8%         2d5       19%         1
b - Call Imp              Summ           4%         N/A       26%         2
c - Teleport Other        Tloc           4%         N/A       47%         3
Your spell library was empty.

Dungeon Overview and Level Annotations

Branches:
Dungeon (6/15)
 Temple: D:4-7

Altars:
Cheibriados
Elyvilon
Makhleb

Shops:
D:4 =


Innate Abilities, Weirdness & Mutations

You are immune to sickness and miasma.
You are immune to poison.
Your flesh is very heat resistant. (rF++)
You are vulnerable to cold. (rC-)
You float through the air rather than walking.
You learn spells naturally, not from books.
Your magical power is your life essence.
You have superior vitality. (+4 MHP)


Message History

The black bear closely misses you. The black bear barely misses you.
The black bear claws you.
You hit the black bear but do no damage.
You punch the black bear.
The black bear is heavily wounded.
The black bear closely misses you.
The black bear claws you but does no damage.
The black bear claws you.
You hit the black bear.
The black bear is almost dead.
The black bear goes berserk!
You hit the black bear.
The black bear is almost dead.
The black bear bites you. The black bear closely misses you.
The black bear barely misses you. The black bear bites you.
The black bear misses you. The black bear claws you.
You barely miss the black bear.
The black bear is almost dead.
The black bear bites you! The black bear barely misses you. x2
The black bear bites you. The black bear claws you. x2
You hit the black bear.
The black bear is almost dead.
The black bear bites you!
* * * LOW HITPOINT WARNING * * *
The black bear barely misses you. The black bear claws you.
* * * LOW HITPOINT WARNING * * *
The black bear rages.
The black bear barely misses you. The black bear misses you. x2
The black bear attacks as you move away!
The black bear closely misses you.
The black bear claws you but does no damage.
The black bear claws you.
* * * LOW HITPOINT WARNING * * *
The black bear bites you but does no damage.
The black bear misses you. The black bear closely misses you.
The black bear bites you but does no damage.
The black bear claws you.
* * * LOW HITPOINT WARNING * * *
The black bear claws you.
You die...

#..........####.#
#.##.####### #.# #.##.#
#.# #.##.# #.# #.##.# #.#
#.##.# #.#
#.##.##########.#
#.##............# #
#.##.##########@####.#####
##.##.###### #.h...>.....
............. ######.#####
...<..####### # #######


You could see a black bear (berserk).

Vanquished Creatures
  A water moccasin (D:5)
  An ogre (D:4)
  A phantom (D:4)
  A bullfrog (D:5)
  2 scorpions (D:5)
  3 hounds
  An orc priest (D:5)
  Jessica (D:2)
  3 orc wizards
  2 iguanas
  A mummy (D:4)
  Robin (D:2)
  3 gnolls (D:4)
  3 adders
  An ufetubus (D:4)
  2 dart slugs (D:1)
  6 orcs
  4 ball pythons
  2 endoplasms (D:4)
  3 giant cockroaches
  12 goblins
  7 hobgoblins
  2 quokkas
  5 bats
  3 frilled lizards
  2 kobolds
  4 rats
77 creatures vanquished.

Notes
Turn   | Place    | Note
-------+----------+-------------------------------------------
     0 | D:1      | Pimp the Djinni Gladiator began the quest for the Orb.
     0 | D:1      | Reached XP level 1. HP: 18/18 MP: 0/0
    95 | D:1      | Reached XP level 2. HP: 23/23 MP: 0/0
   579 | D:1      | Reached XP level 3. HP: 28/28 MP: 0/0
   579 | D:1      | Learned a level 1 spell: Sandblast
   831 | D:2      | Noticed Jessica
   843 | D:2      | Killed Jessica
   844 | D:2      | Reached XP level 4. HP: 26/33 MP: 0/0
   866 | D:2      | Noticed Robin
   876 | D:2      | Killed Robin
   877 | D:2      | Reached skill level 1 in Armour
  1025 | D:2      | You are sucked into a shaft and drop 2 floors!
  1071 | D:4      | Reached XP level 5. HP: 18/39 MP: 0/0
  1071 | D:4      | Learned a level 2 spell: Call Imp
  1282 | D:4      | Found a snail-covered altar of Cheibriados.
  1738 | D:4      | Noticed a phantom
  1756 | D:4      | Killed a phantom
  1757 | D:4      | Reached XP level 6. HP: 33/45 MP: 0/0
  1812 | D:4      | Found a burning altar of Makhleb.
  1993 | D:4      | Found Xirewa's Jewellery Shop.
  2139 | D:4      | Noticed an ogre
  2154 | D:4      | Killed an ogre
  2155 | D:4      | Reached skill level 1 in Spellcasting
  2155 | D:4      | Reached XP level 7. HP: 20/50 MP: 0/0
  2155 | D:4      | Learned a level 3 spell: Teleport Other
  2260 | D:4      | Found a white marble altar of Elyvilon.
  2297 | D:5      | Entered Level 5 of the Dungeon
  2428 | D:5      | Reached skill level 5 in Long Blades
  2526 | D:5      | Noticed a water moccasin
  2533 | D:5      | Killed a water moccasin
  2534 | D:5      | Reached skill level 5 in Dodging
  2724 | D:5      | Reached skill level 1 in Stealth
  2782 | D:5      | Reached XP level 8. HP: 56/56 MP: 0/0
  3165 | D:6      | Slain by a black bear

Illustrated notes

Levels and vault maps discovered:
D:1:      spicycebolla_arrival_ecumenical, layout_loops_ring,
          minmay_tetromino_l2
D:2:      layout_basic, small_statue_intersection, uniq_jessica, uniq_robin,
          uniq_sigmund
D:4:      layout_basic, marbit_many_paths, lightli_temple_of_fire, slow_altar_1,
          serial_shops, kennysheep_mini_moat, kennysheep_generic_room_4
D:5:      layout_loops_cross
D:6:      layout_loops_ring, lemuel_doored_altar

Skill      XL: |  1  2  3  4  5  6  7 |
---------------+----------------------+-----
Long Blades    | 3 4 5 |  5.8
Dodging        | 4 5 |  5.1
Armour         | 1 2 |  2.9
Fighting       | 3 |  3.5
Spellcasting   | 1 |  1.9
Stealth        | 1 |  1.0
Throwing       | |  1.7

Action                     |  1- 3 |  4- 6 |  7- 9 || total
---------------------------+-------+-------+-------++-------
  Melee: Long sword        |    64 |   142 |    99 ||   305
         Punch             |       |     2 |     1 ||     3
   Stab: Sleeping          |     2 |     1 |     2 ||     5
 Armour: Leather armour    |    29 |    52 |    28 ||   109
  Dodge: Dodged            |    73 |   133 |    98 ||   304

Table legend: (Time is in decaauts)
 A = Elapsed time spent in this place.
 B = Non-inter-level travel time spent in this place.
 C = Inter-level travel time spent in this place.
 D = Time resting spent in this place.
 E = Time spent auto-exploring this place.
 F = Levels seen in this place.
 G = Mean time per level.
                   A        B        C        D        E       F      G
               +--------+--------+--------+--------+--------+-----+--------+
         Total |   3222 |   3155 |     67 |    216 |   2209 |   5 |  644.4 |
       Dungeon |   3222 |   3155 |     67 |    216 |   2209 |   5 |  644.4 |
               +--------+--------+--------+--------+--------+-----+--------+

Top non-repeatable levels by time:
     D:4: 1294 daAuts
     D:1: 742 daAuts
     D:5: 726 daAuts
     D:2: 305 daAuts
     D:6: 154 daAuts
